 Dungeon Crawl Stone Soup version 0.22-b1-59-g0aedee7 (webtiles) character file.

120 Goblin1989 the Cutter (level 4, -4/35 HPs)
             Began as a Demonspawn Chaos Knight on Aug 9, 2018.
             Killed by nerve-wracking pain
             ... invoked by Grinder
              (6 damage)
             ... on level 3 of the Dungeon.
             The game lasted 00:10:39 (2988 turns).

Goblin1989 the Cutter (Demonspawn Chaos Knight)     Turns: 2988, Time: 00:10:40

Health: -4/35      AC:  9    Str: 14    XL:     4   Next: 75%
Magic:  4/4        EV: 15    Int: 13    God:    Xom [.*....]
Gold:   158        SH:  0    Dex: 16    Spells: 3/3 levels left

rFire    + . .     SeeInvis .   a - +1 short sword (chaos)
rCold    . . .     Gourm    .   (no shield)
rNeg     . . .     Faith    .   v - +1 ring mail
rPois    .         Spirit   .   (helmet restricted)
rElec    .         Reflect  .   (no cloak)
rCorr    .         Harm     .   (no gloves)
MR       .....                  Z - +0 pair of boots
Stlth    ++........             j - amulet of inaccuracy (curse)
HPRegen  0.11/turn              k - -3 ring of dexterity (curse)
MPRegen  0.09/turn              (no ring)

@: agile
A: beak, horns 1, iridescent scales 1, fire resistance 1, sense surroundings 1,
strong 1
a: Renounce Religion


You were on level 3 of the Dungeon.
You worshipped Xom.
You were a plaything of Xom.
You were not hungry.

You visited 1 branch of the dungeon, and saw 3 of its levels.

You collected 158 gold pieces.

Inventory:

Hand Weapons
 a - a +1 short sword of chaos (weapon)
 t - a +0 hunting sling
 Q - a +0 rapier
Missiles
 n - 6 javelins (quivered) {@Q2}
 s - 43 bolts
 u - 70 stones {@Q3}
 w - 6 tomahawks
 N - 33 poisoned needles
 O - 11 arrows
 X - 29 sling bullets
Armour
 b - a +2 leather armour
 v - a +1 ring mail (worn)
 Z - a +0 pair of boots (worn)
Jewellery
 j - a cursed amulet of inaccuracy (around neck)
 k - a cursed -3 ring of dexterity (left hand)
 S - an uncursed ring of fire
 U - the ring of Compression {god gift, rPois rF+ rN+ Str-4 Int+3, unknown}
   (Xom gifted it to you on level 2 of the Dungeon)

   [ring of protection from fire]

   It affects your strength (-4).
   It affects your intelligence (+3).
   It protects you from fire.
   It protects you from poison.
   It protects you from negative energy.
 Y - an uncursed amulet of rage {unknown}
Scrolls
 i - a scroll of enchant armour
 M - a scroll of remove curse {unknown}
Potions
 m - a potion of curing {@q1}
 p - 2 potions of cancellation
 r - a potion of flight
 L - a potion of brilliance {unknown}
 P - a potion of agility {@q5}
 R - 2 potions of haste {unknown}
 T - a potion of degeneration {unknown}
 V - 2 potions of might {unknown}
Comestibles
 e - 4 rations
 W - a chunk of flesh


   Skills:
 - Level 3.0 Fighting
 + Level 5.1 Short Blades
 - Level 1.7 Armour
 - Level 0.8 Dodging


You had 3 spell levels left.
You didn't know any spells.
Your spell library was empty.

Dungeon Overview and Level Annotations

Branches:
Dungeon (3/15)

Altars:

Annotations:
D:3 Grinder


Innate Abilities, Weirdness & Mutations

You have a pair of small horns on your head.
You are partially covered in iridescent scales. (AC +2)
You have a beak for a mouth.
Your flesh is heat resistant. (rF+)
You passively map a small area around you.
Your muscles are strong. (Str +2)


Message History

No target in view!
No target in view!
No target in view!
No target in view!
No target in view!
No target in view!
No target in view!
Key pressed, stopping explore.
Found a stone staircase leading up.
e - 4 rations (gained 1)
There is a stone staircase leading up here.
Grinder says, "There's only one good use for a tongue: cutting it out."
Grinder is too close now for your liking.
You hit Grinder. Your headbutt misses Grinder. Your peck misses Grinder.
Grinder is lightly wounded.
Grinder gestures at you.
You barely resist. You hit Grinder but do no damage.
Grinder is lightly wounded.
Grinder gestures at you. Pain shoots through your body!
You miss Grinder. Your headbutt misses Grinder. Your peck misses Grinder.
Grinder is lightly wounded.
Grinder hits you.
You writhe in agony.
You take 7 damage, and have 28/35 hp.
You miss Grinder.
Grinder is lightly wounded.
Grinder hits you.
You take 1 damage, and have 27/35 hp.
You closely miss Grinder.
Grinder is lightly wounded.
You barely miss Grinder. Your headbutt misses Grinder.
Grinder is lightly wounded.
Grinder hits you but does no damage.
You closely miss Grinder.
Grinder is lightly wounded.
Grinder hits you.
You writhe in agony.
You take 7 damage, and have 20/35 hp.
You are too injured to fight recklessly!
You are too injured to fight recklessly!
You are too injured to fight recklessly!
You are too injured to fight recklessly!
You are too injured to fight recklessly!
You are too injured to fight recklessly!
You are too injured to fight recklessly!
You are too injured to fight recklessly!
You are too injured to fight recklessly!
You are too injured to fight recklessly!
You are too injured to fight recklessly!
You are too injured to fight recklessly!
You are too injured to fight recklessly!
You are too injured to fight recklessly!
You are too injured to fight recklessly!
You are too injured to fight recklessly!
You are too injured to fight recklessly!
You are too injured to fight recklessly!
You are too injured to fight recklessly!
You are too injured to fight recklessly!
You are too injured to fight recklessly!
You are too injured to fight recklessly!
You are too injured to fight recklessly!
You are too injured to fight recklessly!
You are too injured to fight recklessly!
You are too injured to fight recklessly!
You hit Grinder. You burn Grinder. You peck Grinder.
Grinder is moderately wounded.
Grinder closely misses you.
You miss Grinder.
Grinder is moderately wounded.
Grinder hits you but does no damage.
You miss Grinder. Your headbutt misses Grinder.
Grinder is moderately wounded.
Grinder gestures at you. Pain shoots through your body!
* * * LOW HITPOINT WARNING * * *
You take 14 damage, and have 6/35 hp.
MASSIVE DAMAGE!!
You hit Grinder.
Grinder seems to speed up.
Xom thinks this is hilarious!
Grinder is heavily wounded.
Grinder hits you.
You die... "Hey, that's my teddy bear!"
Xom revives you!
You writhe in agony.
* * * LOW HITPOINT WARNING * * *
You take 5 damage, and have 1/35 hp.
Unknown command.
Unknown command.
Unknown command.
You feel better.
Xom asks Qazlal to spice things up a little.
You are now a plaything of Xom.
Grinder hits you!
* * * LOW HITPOINT WARNING * * *
It was a potion of agility.
You feel agile all of a sudden. Grinder gestures at you.
Pain shoots through your body!
You die...
Xom giggles madly!

█.██████████·▓
███.█........█.█ ▓
█.....█.█.██.█.█ ·
█.....█......█.█ ·
█.....█......█.█
█.....█..<...█.█▓ ▓
█.....█.█.█..█.█
████.....█.█.█.§█5██████
·
...............§@§......
.............█§§█§....██
▓
██...........█§.█.....█
█...........█..█.....█
█..)...........█.....█ ·
· █..............█.....█
· ·
█..............█.....█
█......█....█..█.?...█·
.......█... ▓▓


You could see Grinder.

Vanquished Creatures
  4 adders (D:2)
  An ooze (D:2)
  2 worms
  2 dart slugs
  6 leopard geckos
  4 giant cockroaches
  9 goblins
  7 hobgoblins
  5 jackals (D:1)
  A quokka (D:2)
  3 bats
  3 frilled lizards
  7 kobolds
  9 rats
63 creatures vanquished.

Notes
Turn   | Place    | Note
-------+----------+-------------------------------------------
     0 | D:1      | Goblin1989 the Demonspawn Chaos Knight began the quest for the Orb.
     0 | D:1      | Reached XP level 1. HP: 18/18 MP: 1/1
    71 | D:1      | Reached skill level 3 in Short Blades
   151 | D:1      | Gained mutation: You have a pair of small horns on your head. [demonic ancestry]
   151 | D:1      | Reached XP level 2. HP: 24/24 MP: 2/2
   776 | D:1      | XOM: give mutations
   776 | D:1      | Gained mutation: Your muscles are strong. (Str +2) [Xom's grace]
   776 | D:1      | Gained mutation: You have a beak for a mouth. [Xom's grace]
   776 | D:1      | Gained mutation: Your flesh is heat resistant. (rF+) [Xom's grace]
   776 | D:1      | Gained mutation: You passively map a small area around you. [Xom's grace]
   863 | D:1      | Gained mutation: You are partially covered in iridescent scales. (AC +2) [demonic ancestry]
   863 | D:1      | Reached XP level 3. HP: 29/29 MP: 3/3
  1302 | D:1      | XOM: god gift: 6 gold pieces {god gift}
  1361 | D:2      | Reached skill level 4 in Short Blades
  1376 | D:2      | XOM: god gift: flickering platinum ring {god gift}
  1470 | D:2      | XOM: 3-stop teleportation journey
  1652 | D:2      | Got a flickering platinum ring {god gift}
  1760 | D:2      | Reached XP level 4. HP: 21/35 MP: 4/4
  2642 | D:3      | Reached skill level 5 in Short Blades
  2665 | D:3      | XOM: polymorph something unseen -> frilled lizard
  2757 | D:3      | XOM: 1-stop teleportation journey
  2796 | D:3      | Noticed Grinder
  2803 | D:3      | XOM: 1-stop teleportation journey
  2986 | D:3      | Xom revived you
  2986 | D:3      | HP: 1/35 [Grinder (3)]
  2987 | D:3      | XOM: fog
  2988 | D:3      | Killed from afar by Grinder

Skill      XL: |  1  2  3  4 |
---------------+-------------+-----
Short Blades   | 3 4 5 |  5.1
Fighting       | |  3.0
Armour         | |  1.7
Dodging        | |  0.8

Action                   |  1- 3 |  4- 6 || total
-------------------------+-------+-------++-------
Melee: Short sword       |   144 |   104 ||   248
       Headbutt          |    11 |     8 ||    19
       Peck              |     1 |     9 ||    10
 Fire: Hunting sling     |     6 |       ||     6
  Use: Scroll            |     7 |     2 ||     9
       Potion            |     1 |     2 ||     3
 Stab: Paralysed         |     1 |       ||     1
       Sleeping          |     1 |       ||     1
  Eat: Chunk             |     3 |     4 ||     7
Armor: Leather armour    |    30 |       ||    30
       Ring mail         |    23 |    42 ||    65
Dodge: Dodged            |    87 |    38 ||   125

Vault maps used:
D:1:      dpeg_arrival_renting
D:2:      solitary_fountain
D:3:      first_ration, uniq_grinder
